 Dungeon Crawl Stone Soup version 0.13-a0-3016-gcb2faac (webtiles) character file.

624 JacquesDerrida the Caller (level 6, 10/43 HPs)
             Began as a Demonspawn Summoner on Sept 13, 2013.
             Quit the game on Level 4 of the Dungeon.
             The game lasted 00:18:06 (4438 turns).

JacquesDerrida the Caller (Demonspawn Summoner)     Turns: 4438, Time: 00:18:06

HP  10/43        AC  7     Str  9 (11) XL: 6   Next: 80%
MP   6/11        EV 10     Int 16      God:
Gold 160         SH  0     Dex 13      Spells:  3 memorised,  2 levels left

Res.Fire  : . . .   See Invis. : +   D - +2,+5 quarterstaff (crush)
Res.Cold  : . . .   Warding    : .   y - +0 orc leather armour
Life Prot.: . . .   Conserve   : .   (no shield)
Res.Poison: .       Res.Corr.  : .   (no helmet)
Res.Elec. : .       Clarity    : +   (no cloak)
Sust.Abil.: + .     Spirit.Shd : .   o - +0 pair of dwarf gauntlets
Res.Mut.  : .       Rnd.Telep. : +   (no boots)
Res.Rott. : .       Flight     : .   (no amulet)
Saprovore : . . .                    j - ring of sustain abilities
                                     a - ring of see invisible

@: very slightly contaminated, slightly resistant to hostile enchantments,
unstealthy
A: hooves 2, blurry vision 1, clarity, deterioration 1, slow healing 1,
teleportitis 1, fuming 2, AC +3
a: no special abilities


You were on level 4 of the Dungeon.
You were not hungry.

You visited 1 branch of the dungeon, and saw 5 of its levels.

You collected 240 gold pieces.
You spent 100 gold pieces at shops.

Inventory:

Hand weapons
 d - a +0,+0 bow
 k - a +0,+0 short sword
 m - a +0,+0 bardiche
 v - a -1,+0 orcish flail
 D - a +2,+5 quarterstaff of crushing (weapon)
Missiles
 e - 55 arrows
 r - 2 poisoned darts (quivered)
 t - 4 curare-tipped needles
Armour
 o - a +0 pair of dwarven gauntlets (worn)
 y - a +0 orcish leather armour (worn)
 E - the cursed -5 ring mail of the Lair of Beasts {rElec MR++ Stlth++}
   (You found it on level 5 of the Dungeon)

   It insulates you from electricity.
   It affects your resistance to hostile enchantments.
   It makes you much more stealthy.
   It has a curse placed upon it.
Comestibles
 c - 3 bread rations
 g - 2 chunks of orc flesh
Scrolls
 f - 2 scrolls of remove curse
 h - 2 scrolls of enchant armour {unknown}
 i - 3 scrolls of amnesia {unknown}
 l - 2 scrolls of enchant weapon I {unknown}
 n - a scroll of curse weapon {unknown}
 s - a scroll of random uselessness {unknown}
 w - a scroll of magic mapping {unknown}
 C - a scroll of blinking
Jewellery
 a - a ring of see invisible (left hand)
 j - a ring of sustain abilities (right hand)
Potions
 p - a potion of poison
 q - a potion of paralysis
 A - 2 potions of curing
 B - a potion of confusion
Books
 b - a book of Callings

   Spells                             Type                      Level
   *Summon Small Mammal               Summoning                    1
   *Call Imp                          Summoning                    2
   Call Canine Familiar               Summoning                    3
   Summon Scorpions                   Summoning/Poison             4
   *Summon Ice Beast                  Ice/Summoning                4


   Skills:
 - Level 3.3 Fighting
 + Level 4.2 Staves
 - Level 1.7 Dodging
 - Level 1.7 Stealth
 - Level 2.0 Spellcasting
 - Level 4.7 Summonings
 - Level 1.4 Ice Magic


You had 2 spell levels left.
You knew the following spells:

 Your Spells              Type           Power        Failure   Level  Hunger
a - Summon Small Mammal   Summ           ###.         3%          1    #......
b - Call Imp              Summ           ###.......   6%          2    ###....
c - Summon Ice Beast      Ice/Summ       ##........   63%         4    #####..


Dungeon Overview and Level Annotations

Branches:
Dungeon (5/27)
 Temple: D:4-7

Altars:
Elyvilon

Shops:
D:4 (


Innate Abilities, Weirdness & Mutations

You have hoof-like feet.
You are mostly covered in yellow scales (AC +3).
Your vision is a little blurry.
You possess an exceptional clarity of mind.
Your body is slowly deteriorating.
You heal slowly.
Space occasionally distorts in your vicinity.
You frequently emit clouds of smoke.


Message History

The killer bee barely misses you.
The killer bee stings you but does no damage.
There is a stone staircase leading up here.
The killer bee stings you.
The killer bee stings you but does no damage.
The killer bee stings you!
The killer bee stings you but does no damage.
You climb upwards.
There is a stone staircase leading down here.
Read which item? (? for menu, Esc to quit)
The writing blurs in front of your eyes.
The killer bee misses you. The killer bee closely misses you.
The killer bee stings you but does no damage.
The killer bee closely misses you. The killer bee stings you!
* * * LOW HITPOINT WARNING * * *
The killer bee stings you but does no damage.
The killer bee completely misses you.
The killer bee stings you but does no damage.
The killer bee misses you. The killer bee closely misses you.
Are you sure you want to abandon this character and quit the game? (Confirm with "yes".)

..........####............#.#.##.
.........%................#..##..
......#.......##..........#.##...
......#.......##...........##....
##............##..........##..###
................§.........#...#
................§.......#...#.#
..#########....kk.......#####.#
..#...# #.....@.......# #.#
..#...# #..........#### #.#
..#...#####..........##### #.###
..#...#..................# #(...
.........................# #####
.......................[.#
.........................#
......#..................#
......#..................#


You could see 2 killer bees.

Vanquished Creatures
  A centaur (D:5)
  An orc priest (D:5)
  2 orc wizards (D:5)
  3 worker ants
  An ogre skeleton (D:5)
  3 adders
  3 worms
  2 giant geckos (D:3)
  3 orcs
  6 bats
  2 giant cockroaches
  8 goblins
  7 hobgoblins
  2 quokkas
  2 ball pythons
  5 giant newts
  9 kobolds
  7 rats
67 creatures vanquished.

Vanquished Creatures (collateral kills)
  A hungry ghost (D:2)
  An iguana (D:4)
  An orc wizard (D:3)
  An adder (D:4)
  A worm (D:3)
  An ooze (D:3)
  3 orcs
  2 bats (D:1)
  3 goblins
  2 hobgoblins
  3 kobolds
  A rat (D:3)
20 creatures vanquished.

Vanquished Creatures (others)
  2 crimson imps (D:5)
  A shadow imp (D:3)
  2 white imps
  A grey rat (D:3)
  2 bats (D:3)
8 creatures vanquished.

Grand Total: 95 creatures vanquished

Notes
Turn   | Place    | Note
--------------------------------------------------------------
     0 | D:1      | JacquesDerrida, the Demonspawn Summoner, began the quest for the Orb.
     0 | D:1      | Reached XP level 1. HP: 13/13 MP: 3/3
   385 | D:1      | Gained mutation: You are partially covered in yellow scales (AC +2). [demonic ancestry]
   385 | D:1      | Reached XP level 2. HP: 13/19 MP: 2/4
  1044 | D:1      | Learned a level 2 spell: Call Imp
  1494 | D:2      | Reached skill level 1 in Fighting
  1535 | D:2      | Gained mutation: You have large cloven feet. [demonic ancestry]
  1535 | D:2      | Reached XP level 3. HP: 20/24 MP: 4/6
  1766 | D:2      | Noticed a hungry ghost
  1850 | D:2      | Killed a hungry ghost
  1850 | D:2      | Gained mutation: You have hoof-like feet. [demonic ancestry]
  1850 | D:2      | Reached XP level 4. HP: 9/31 MP: 2/8
  2027 | D:2      | Learned a level 4 spell: Summon Ice Beast
  2480 | D:3      | Gained mutation: You are mostly covered in yellow scales (AC +3). [demonic ancestry]
  2480 | D:3      | Reached XP level 5. HP: 13/37 MP: 7/9
  2697 | D:3      | Reached skill level 1 in Ice Magic
  3093 | D:4      | Found Suikh's Antique Weapon Boutique.
  3107 | D:4      | Bought a runed quarterstaff for 100 gold pieces
  3155 | D:4      | Reached skill level 1 in Staves
  3611 | D:5      | Entered Level 5 of the Dungeon
  3611 | D:5      | Noticed a centaur
  3615 | D:5      | Killed a centaur
  3615 | D:5      | Reached XP level 6. HP: 24/43 MP: 8/11
  3812 | D:5      | Got a jewelled ring mail
  3818 | D:5      | Identified the cursed -5 ring mail of the Lair of Beasts {rElec MR++ Stlth++} (You found it on level 5 of the Dungeon)
  3820 | D:5      | Gained mutation: You emit clouds of smoke. [potion of mutation]
  3820 | D:5      | Gained mutation: Your body is slowly deteriorating. [potion of mutation]
  3820 | D:5      | Gained mutation: You frequently emit clouds of smoke. [potion of mutation]
  3821 | D:5      | Gained mutation: You heal slowly. [potion of mutation]
  3821 | D:5      | Gained mutation: Your vision is a little blurry. [potion of mutation]
  3821 | D:5      | Gained mutation: Space occasionally distorts in your vicinity. [potion of mutation]
  3823 | D:5      | JacquesDerrida: shiiie
  3823 | D:5      | JacquesDerrida: t
  3827 | D:5      | Paralysed by a potion of paralysis for 2 turns
  3865 | D:5      | Found a white marble altar of Elyvilon.
  4319 | D:5      | Gained mutation: You possess an exceptional clarity of mind. [potion of beneficial mutation]
  4420 | D:5      | Noticed an ice beast
  4438 | D:4      | JacquesDerrida: screw this(((
  4438 | D:4      | Quit the game

Action                   |  1- 3 |  4- 6 || total
-------------------------+-------+-------++-------
Melee: Club              |    31 |       ||    31
       Unarmed           |     6 |       ||     6
       Short sword       |    72 |    59 ||   131
       Quarterstaff      |       |    76 ||    76
Throw: Dart              |       |     3 ||     3
 Cast: Summon Small Mamm |    12 |    17 ||    29
       Call Imp          |     8 |    16 ||    24
  Use: Scroll            |     1 |     8 ||     9
       Potion            |     1 |    11 ||    12
 Stab: Sleeping          |     3 |       ||     3
       Distracted        |     1 |       ||     1
